 Dungeon Crawl Stone Soup version 0.30-a0-297-g0ec75d9ef4 (webtiles) character file.

Game seed: 14913431251048340770

6849 freelancePsychic the Marksminotaur (level 10, -2/87 (94) HPs)
             Began as a Minotaur Hexslinger on Oct 19, 2022.
             Was a Priest of Jiyva.
             Splashed by a brown ugly thing's acid (4 damage)
             ... on level 9 of the Dungeon.
             The game lasted 00:11:43 (6807 turns).

freelancePsychic the Marksminotaur (MiHs)           Turns: 6807, Time: 00:11:44

HP:   -2/87 (94)    AC: 11    Str: 20    XL:     10   Next: 78%
MP:   8/10          EV: 11    Int: 14    God:    Jiyva [***...]
Gold: 391           SH:  0    Dex: 14    Spells: 11/11 levels left

rFire   . . .      SeeInvis +    K - +0 arbalest
rCold   . . .      Faith    .    (shield currently unavailable)
rNeg    . . .      Spirit   .    B - +0 ring mail
rPois   +          Reflect  .    (helmet restricted)
rElec   .          Harm     .    l - +0 cloak
rCorr   +          Rampage  .    q - +0 pair of gloves
Will    .....      Clarity  +    (no boots)
Stlth   +.........               z - amulet of the acrobat
HPRegen 1.46/turn                k - +6 ring of strength
MPRegen 0.47/turn                A - ring of poison resistance

@: calling ooze, drained
A: horns 2, retaliatory headbutt, talons 1, iridescent scales 2, see invisible,
clarity, clever 1, jelly absorbing missiles
a: Renounce Religion, Oozemancy


You were on level 9 of the Dungeon.
You worshipped Jiyva.
Jiyva was most pleased with you.
You visited 1 branch of the dungeon, and saw 9 of its levels.

You collected 391 gold pieces.

Inventory:

Hand Weapons
 a - a +1 sling
 h - the +7 quarterstaff "Orphyhaum" {spect, rC+ Str+3}
   (You found it on level 8 of the Dungeon)

   When its wielder attacks, the weapon's spirit leaps out and strikes again.
   The spirit shares a part of any damage it takes with its wielder.
   Str:       It affects your strength (+3).
   rC:        It protects you from cold.
 K - a +0 arbalest (weapon)
Armour
 c - a +0 robe
 l - a +0 cloak (worn)
 q - a +0 pair of gloves (worn)
 B - a +0 ring mail (worn)
Jewellery
 g - an amulet of faith
 k - a +6 ring of strength (left hand)
 r - a ring of willpower
 w - an amulet of guardian spirit
 z - an amulet of the acrobat (around neck)
 A - a ring of poison resistance (right hand)
 J - a +6 ring of strength
Wands
 t - a wand of digging (5)
 D - a wand of roots (16)
Scrolls
 b - 4 scrolls of poison
 d - 3 scrolls of amnesia
 e - 2 scrolls of fog
 i - 2 scrolls of fear
 m - 2 scrolls of vulnerability
 o - a scroll of blinking
 p - 2 scrolls of immolation
 u - a scroll of torment
 y - a scroll of magic mapping
 E - a scroll of enchant armour
 L - a scroll of silence {unknown}
Potions
 f - 5 potions of curing {@q1}
 j - a potion of magic
 n - 2 potions of flight
 s - 2 potions of heal wounds {@q2}
 v - a potion of mutation {unknown}
 x - a potion of brilliance {unknown}
 C - a potion of degeneration {unknown}
 F - a potion of invisibility {unknown}
 G - a potion of haste {unknown}
 H - a potion of attraction {unknown}
 I - 2 potions of might {unknown}


   Skills:
 + Level 10.7 Fighting
 * Level 15.2 Ranged Weapons
 - Level 2.1 Dodging
 - Level 1.0 Spellcasting
 - Level 2.0 Hexes


You had 11 spell levels left.
You didn't know any spells.
Your spell library contained the following spells:

 Spells                   Type           Power      Damage    Failure   Level
 Slow                     Hex            24%        N/A       21%         1
 Apportation              Tloc           0%         N/A       41%         1
 Necrotise                Necr           0%         1d4       41%         1
 Summon Small Mammal      Summ           0%         N/A       41%         1
 Tukima's Dance           Hex            6%         N/A       52%         3
 Sublimation of Blood     Necr           0%         N/A       56%         2
 Wereblood                Tmut           0%         N/A       56%         2
 Inner Flame              Hex/Fire       3%         N/A       65%         3
 Portal Projectile        Hex/Tloc       6%         N/A       65%         3
 Summon Guardian Golem    Hex/Summ       3%         N/A       65%         3
 Call Canine Familiar     Summ           0%         N/A       80%         3
 Ozocubu's Armour         Ice            0%         N/A       80%         3
 Cause Fear               Hex            3%         N/A       89%         4
 Passage of Golubria      Tloc           0%         N/A       99%         4
 Blade Hands              Tmut           0%         N/A       100%        5
 Yara's Violent Unravell  Hex/Tmut       1%         3d3       100%        5
 Orb of Destruction       Conj           0%         9d5       100%        7
 Ozocubu's Refrigeration  Ice            0%         4d7       100%        7
 Spellforged Servitor     Conj/Summ      0%         N/A       100%        7
 Summon Hydra             Summ           0%         N/A       100%        7


Dungeon Overview and Level Annotations

Branches:
Dungeon (9/15)             Temple (0/1) D:4             Orc (0/2) D:9
   Lair: D:8-11

Altars:
Ashenzari
Elyvilon
Makhleb
Ru
Trog
Uskayaw
Zin
Jiyva

Annotations:
D:2 Sigmund
D:3 3 runed translucent doors, ryw's ghost, amateur DsMo


Innate Abilities, Weirdness & Mutations

You have a pair of horns on your head.
You reflexively headbutt those who attack you in melee.
You have sharp toenails.
You are mostly covered in iridescent scales. (AC +4)
You have supernaturally acute eyesight. (SInv)
You possess an exceptional clarity of mind.
Your mind is acute. (Int +4, Str/Dex -1)
You have a small jelly attached to you that may absorb projectiles.


Message History

Aim: a brown ugly thing (moderately wounded, 67% to hit)
You shoot a bolt.
The bolt barely misses the brown ugly thing.
The brown ugly thing barely misses you. You furiously retaliate!
You headbutt the brown ugly thing!
Activating: Oozemancy (19% risk of failure)
Press: ? - help, Dir - look around, f - activate Slime begins to ooze from the nearby walls!
The walls burn the brown ugly thing!
The brown ugly thing pecks you!
You are splashed with acid.
You resist.
The walls burn the wight!
The wight hits you with a +3 dire flail!
You feel drained.
Fire: K) +0 arbalest
Press: ? - help, Shift-Dir - straight line, f - wight
Aim: a wight, wielding a +3 dire flail and wearing a +0 robe (lightly damaged, 67% to hit)
You shoot a bolt.
The bolt hits the wight but does no damage.
The wight is lightly damaged.
The walls burn the brown ugly thing!
The brown ugly thing pecks you!
You are splashed with acid.
You resist.
The walls burn the wight!
The wight hits you with a +3 dire flail!
You feel drained.
Fire: K) +0 arbalest
Press: ? - help, Shift-Dir - straight line, f/p - wight
Aim: a wight, wielding a +3 dire flail and wearing a +0 robe (heavily damaged, 67% to hit)
You shoot a bolt. The bolt barely misses the wight.
You hear a bellow!
The walls burn the brown ugly thing!
The brown ugly thing pecks you!
* * * LOW HITPOINT WARNING * * *
You are splashed with acid.
You resist.
* * * LOW HITPOINT WARNING * * *
The walls burn the wight!
The wight hits you with a +3 dire flail!
* * * LOW HITPOINT WARNING * * *
You feel drained.
* * * LOW HITPOINT WARNING * * *
The walls burn the brown ugly thing!
The brown ugly thing pecks you.
* * * LOW HITPOINT WARNING * * *
You are splashed with acid.
You resist.
You die...

##........#
#.##.#.##..#
#........###.##........
#............####..>...
#........##..####.#####
...##..#....##.......#
#c.oT)..)..##.#######
##O'..##)####.#####
#..'.# #z#........#
...##. #@#.#..##..# #.
#...)u.# #..##..# .
#.....### #......#
#..... #.##...# #....
#. ....# #.... ..y....#
#### ##.#...## #.##.##
#. ###


You could see a brown ugly thing and a wight.

Vanquished Creatures
  3 two-headed ogres (D:9)
  Psyche (D:9)
  A troll (D:9)
  A vampire (D:7)
  4 yaks (D:9)
  An acid dragon (D:9)
  A vampire mosquito (D:9)
  Duvessa (D:7)
  4 orc warriors
  A black bear (D:5)
  2 sky beasts
  A centaur (D:9)
  An ogre (D:4)
  A gnoll sergeant (D:7)
  4 bullfrogs
  A necrophage (D:7)
  2 scorpions
  18 wights
  Dowan (D:7)
  15 killer bees
  2 howler monkeys
  4 orc priests
  A gnoll bouda (D:5)
  2 hounds
  3 iguanas
  8 orc wizards
  8 gnolls
  8 adders
  A white imp (D:7)
  An ufetubus (D:5)
  A worm (D:1)
  4 dart slugs
  31 orcs
  7 bats
  2 endoplasms (D:1)
  3 giant cockroaches
  8 hobgoblins
  6 jackals
  2 kobolds (D:1)
  4 quokkas
  6 frilled lizards
  6 goblins
  3 rats
185 creatures vanquished.

Vanquished Creatures (others)
  An orc warrior (D:9)
  A scorpion (D:6)
  2 wights
  A killer bee (D:8)
  6 jellies
  An orc priest (D:7)
  A hound (D:6)
  5 gnolls
  A white imp (D:6)
  An orc (D:3)
  An endoplasm (D:6)
  A giant cockroach (D:3)
  3 fungi (D:2)
  A plant (D:7)
26 creatures vanquished.

Grand Total: 211 creatures vanquished

Notes
Turn   | Place    | Note
-------+----------+-------------------------------------------
     0 | D:1      | freelancePsychic the Minotaur Hexslinger began the quest
                  | for the Orb.
     0 | D:1      | Reached XP level 1. HP: 16/16 MP: 1/1
   162 | D:1      | Reached skill level 3 in Ranged Weapons
   200 | D:1      | Reached XP level 2. HP: 23/23 MP: 2/2
   657 | D:1      | Found a faded altar of an unknown god.
   756 | D:1      | Prayed at the altar of an unknown god.
   756 | D:1      | Became a worshipper of Jiyva Jattump the Shapeless
   756 | D:1      | Reached * piety under Jiyva
  1128 | D:1      | Reached skill level 4 in Ranged Weapons
  1128 | D:1      | Reached XP level 3. HP: 21/28 MP: 3/3
  1388 | D:2      | Reached ** piety under Jiyva
  1432 | D:2      | Noticed Sigmund
  1460 | D:2      | Reached XP level 4. HP: 35/35 MP: 4/4
  1641 | D:2      | Reached skill level 5 in Ranged Weapons
  1964 | D:3      | Found a broken altar of Ashenzari.
  1980 | D:3      | Noticed ryw's ghost (amateur DsMo)
  1984 | D:3      | Found a runed translucent gate.
  1984 | D:3      | Found a runed translucent gate.
  1984 | D:3      | Found a runed translucent gate.
  2248 | D:3      | Reached *** piety under Jiyva
  2585 | D:4      | Gained mutation: You have supernaturally acute eyesight.
                  | (SInv) [Jiyva's grace]
  2585 | D:4      | Gained mutation: Your mind is acute. (Int +4, Str/Dex -1)
                  | [Jiyva's grace]
  2585 | D:4      | Gained mutation: Your mind is very acute. (Int +8, Str/Dex
                  | -2) [Jiyva's grace]
  2585 | D:4      | Gained mutation: You have sharp toenails. [Jiyva's grace]
  2585 | D:4      | Found a white marble altar of Elyvilon.
  2684 | D:3      | Reached XP level 5. HP: 32/40 MP: 5/5
  2706 | D:4      | Reached skill level 6 in Ranged Weapons
  2709 | D:4      | Found a staircase to the Ecumenical Temple.
  2922 | D:4      | Reached **** piety under Jiyva
  3041 | D:4      | Found a sacrificial altar of Ru.
  3042 | D:4      | Noticed an ogre
  3051 | D:4      | Killed an ogre
  3052 | D:4      | Reached skill level 7 in Ranged Weapons
  3052 | D:4      | Reached XP level 6. HP: 9/47 MP: 3/6
  3112 | D:5      | Entered Level 5 of the Dungeon
  3284 | D:5      | Noticed a kobold demonologist
  3284 | D:5      | Noticed a troll
  3352 | D:5      | Found a bloodstained altar of Trog.
  3693 | D:5      | Reached skill level 8 in Ranged Weapons
  3693 | D:5      | Reached XP level 7. HP: 51/57 MP: 7/7
  4130 | D:5      | Found a hide-covered altar of Uskayaw.
  4299 | D:5      | Reached skill level 9 in Ranged Weapons
  4468 | D:6      | Reached XP level 8. HP: 36/67 MP: 5/8
  4501 | D:6      | Reached skill level 5 in Fighting
  4549 | D:6      | Reached skill level 10 in Ranged Weapons
  4930 | D:7      | Lost mutation: Your mind is very acute. (Int +8, Str/Dex
                  | -2) [Jiyva's grace]
  4930 | D:7      | Gained mutation: You possess an exceptional clarity of
                  | mind. [Jiyva's grace]
  4930 | D:7      | Gained mutation: You have a small jelly attached to you
                  | that may absorb projectiles. [Jiyva's grace]
  4930 | D:7      | Gained mutation: You are partially covered in iridescent
                  | scales. (AC +2) [Jiyva's grace]
  4930 | D:7      | Gained mutation: You are mostly covered in iridescent
                  | scales. (AC +4) [Jiyva's grace]
  5144 | D:7      | Reached skill level 11 in Ranged Weapons
  5428 | D:7      | Noticed Duvessa
  5428 | D:7      | Noticed Dowan
  5434 | D:7      | Killed Dowan
  5434 | D:7      | Killed Duvessa
  5435 | D:7      | Reached XP level 9. HP: 73/79 MP: 6/9
  5541 | D:8      | Identified the +7 quarterstaff "Orphyhaum" {spect, rC+
                  | Str+3}
  5648 | D:8      | Reached skill level 12 in Ranged Weapons
  5723 | D:8      | Found a glowing silver altar of Zin.
  5984 | D:8      | Found a burning altar of Makhleb.
  5984 | D:8      | Noticed an Executioner
  6563 | D:9      | Reached skill level 13 in Ranged Weapons
  6569 | D:9      | Found a staircase to the Orcish Mines.
  6600 | D:9      | Reached XP level 10. HP: 52/91 MP: 10/10
  6602 | D:9      | Noticed Psyche
  6623 | D:9      | Killed Psyche
  6755 | D:9      | Noticed a two-headed ogre
  6759 | D:9      | Killed a two-headed ogre
  6760 | D:9      | Reached skill level 14 in Ranged Weapons
  6780 | D:9      | Noticed a two-headed ogre
  6792 | D:9      | Noticed a two-headed ogre
  6795 | D:9      | Killed a two-headed ogre
  6796 | D:9      | Reached skill level 10 in Fighting
  6799 | D:9      | Noticed a brown ugly thing
  6800 | D:9      | Killed a two-headed ogre
  6801 | D:9      | Reached skill level 15 in Ranged Weapons
  6807 | D:9      | HP: 4/87 [wight/+3 dire flail (3)]
  6807 | D:9      | Splashed by a brown ugly thing's acid

Illustrated notes

Levels and vault maps discovered:
D:1:      dpeg_arrival_tiny_a, layout_loops_ring, serial_co_window_serial,
          co_window_corner_a, co_window_of_opportunity_a, co_window_cross_1,
          co_window_paths_b, co_window_paths_a, co_window_unsneaky_path_e,
          co_window_2corner, co_window_broadway_c, co_window_paths_c,
          co_window_4corner_a, glass_columns_a,
          hellmonk_ecumenical_altar_run_dry
D:2:      layout_basic, dreamdust_mushroom_princess, uniq_sigmund
D:3:      layout_loops_ring, mainiacjoe_overflow_paths, gammafunk_ghost_split
D:4:      layout_rooms, mainiacjoe_overflow_cross_hatched,
          nicolae_ru_awakened_eye, minmay_temple_entry_mini_moons
D:5:      layout_loops_corners, mainiacjoe_overflow_swirl,
          lightli_corner_chamber
D:6:      layout_loops_ring
D:7:      layout_rooms, st_stairs_10, serial_bayou_pond_d, uniq_duvessa
D:8:      layout_loops_ring, makhleb_altar_promises_db,
          mainiacjoe_overflow_alcove_2
D:9:      layout_loops_cross, orc_0_dummy, kennysheep_kite_vault, uniq_psyche

Skill      XL: |  1  2  3  4  5  6  7  8  9 10 |
---------------+-------------------------------+-----
Ranged Weapons | 3 4 5 7 8 9 11 13 15 | 15.2
Fighting       | 3 4 7 9 10 | 10.7
Dodging        | |  2.1
Spellcasting   | |  1.0
Hexes          | |  2.0

Action                   |  1- 3 |  4- 6 |  7- 9 | 10-12 || total
-------------------------+-------+-------+-------+-------++-------
Melee: Unarmed           |       |       |     1 |       ||     1
 Fire: Sling             |   102 |   175 |   535 |       ||   812
       Arbalest          |       |       |    29 |    65 ||    94
 Cast: Slow              |     1 |       |       |       ||     1
Invok: Oozemancy         |       |     2 |     6 |     2 ||    10
       Slimify           |       |       |     1 |       ||     1
Evoke: Wand              |       |       |     3 |       ||     3
  Use: Scroll            |       |     5 |     7 |       ||    12
       Potion            |       |     1 |       |     1 ||     2
Armor: Robe              |    15 |    18 |       |       ||    33
       Ring mail         |       |    31 |   115 |    26 ||   172
Dodge: Dodged            |    32 |    94 |   244 |    44 ||   414

Table legend: (Time is in decaauts)
 A = Elapsed time spent in this place.
 B = Non-inter-level travel time spent in this place.
 C = Inter-level travel time spent in this place.
 D = Time resting spent in this place.
 E = Time spent auto-exploring this place.
 F = Levels seen in this place.
 G = Mean time per level.
                   A        B        C        D        E       F      G
               +--------+--------+--------+--------+--------+-----+--------+
         Total |   6870 |   6592 |    278 |     31 |   5138 |   9 |  763.3 |
       Dungeon |   6870 |   6592 |    278 |     31 |   5138 |   9 |  763.3 |
               +--------+--------+--------+--------+--------+-----+--------+

Top non-repeatable levels by time:
     D:5: 1174 daAuts
     D:1: 1159 daAuts
     D:8: 943 daAuts
     D:3: 824 daAuts
     D:2: 669 daAuts
     D:6: 660 daAuts
     D:7: 561 daAuts
     D:4: 497 daAuts
     D:9: 380 daAuts
